3L
CHICAGO HAWKS @ HOUSTON 1837 BBC
09/22/2030
 
TOP OF THE 1ST
Chicago Hawks batting - Pitching for Houston 1837 BBC : LHP Roy Alsobrook
Pitching: LHP Roy Alsobrook
Batting: RHB Jack Head 0-0: SOLO HOME RUN (Line Drive, 7LD), Distance : 366 ft
Batting: RHB Reg Spiers 0-0: Ball
1-0: Foul Ball, location: 2F
1-1: Foul Ball, location: 2F
1-2: Foul Ball, location: 2F
1-2: Foul Ball, location: 2F
1-2: Reached on error, E5 (Groundball, 56)
Batting: LHB Jeff Simpson 0-0: Ball
1-0: SINGLE (Flyball, 9LM)
Reg Spiers to second
Runner from 2nd tries for 3rd, SAFE, no throw
Batting: LHB Scott Janousek 0-0: Called Strike
0-1: Ball
1-1: Ball
2-1: Ball
3-1: Fly out, F9 (Flyball, 89S)
Runner from 3rd tags up, SCORES, throw made
Batting: RHB Paddy Hodnett 0-0: Called Strike
0-1: Ball
1-1: SINGLE (Groundball, 34D)
Jeff Simpson to second
Runner from 2nd tries for 3rd, SAFE, no throw
Batting: RHB Tevin McTevin 0-0: Ball
1-0: Called Strike
1-1: Swinging Strike
1-2: Strikes out looking
Batting: RHB Vincente Rotham 0-0: Ball
1-0: Foul Ball, location: 2F
1-1: Called Strike
1-2: Foul Ball, location: 2F
1-2: Fly out, F7 (Flyball, 78XD)
Top of the 1st over - 2 runs, 3 hits, 1 error, 2 left on base; Chicago 2 - Houston 0
BOTTOM OF THE 1ST
Houston 1837 BBC batting - Pitching for Chicago Hawks : RHP Ralph Haggerty
Pitching: RHP Ralph Haggerty
Batting: LHB Damian Delaney 0-0: Called Strike
0-1: Ball
1-1: Called Strike
1-2: Ball
2-2: Ball
3-2: Foul Ball, location: 2F
3-2: Base on Balls
Batting: RHB Lytle Creek 0-0: Ball
1-0: Called Strike
Damian Delaney steals 2nd base
1-1: Called Strike
1-2: Foul Ball, location: 2F
1-2: Fly out, F8 (Flyball, 8RXD)
Runner from 2nd tags up, SAFE at 3rd, no throw
Batting: SHB Galtero Suárez 0-0: Foul Ball, location: 2F
0-1: Foul Ball, location: 2F
0-2: Fly out, F9 (Flyball, 9S)
Batting: RHB Bob Dickerson 0-0: Called Strike
0-1: Ball
1-1: Fly out, F6 (Flyball, 56D)
Bottom of the 1st over - 0 runs, 0 hits, 0 errors, 1 left on base; Chicago 2 - Houston 0
TOP OF THE 2ND
Chicago Hawks batting - Pitching for Houston 1837 BBC : LHP Roy Alsobrook
Batting: LHB Curt Wilson 0-0: Ball
1-0: Foul Ball, location: 2F
1-1: Called Strike
1-2: Strikes out swinging
Batting: LHB Perry Bothof 0-0: Ball
1-0: Ball
2-0: Called Strike
2-1: Called Strike
2-2: Foul Ball, location: 2F
2-2: Foul Ball, location: 2F
2-2: Ball
3-2: Ground out 5-3 (Groundball, 5L)
Batting: RHB Jack Head 0-0: Ground out 6-3 (Groundball, 56)
Top of the 2nd over - 0 runs, 0 hits, 0 errors, 0 left on base; Chicago 2 - Houston 0
BOTTOM OF THE 2ND
Houston 1837 BBC batting - Pitching for Chicago Hawks : RHP Ralph Haggerty
Batting: LHB Guillermo Arellano 0-0: Ball
1-0: Ball
2-0: Ball
3-0: Called Strike
3-1: Fly out, F9 (Flyball, 9LS)
Batting: RHB Scott Robertson 0-0: Ball
1-0: Ball
2-0: Ball
3-0: Base on Balls
Batting: LHB Fa-tang Wang 0-0: Ball
1-0: Ball
2-0: Swinging Strike
2-1: Ball
3-1: Base on Balls
Scott Robertson to second
Batting: RHB Armond Merlin 0-0: SINGLE (Line Drive, 6MD)
Scott Robertson to third
Fa-tang Wang to second
Runner from 3rd tries for Home, throw and OUT!
Fa-tang Wang to third
Armond Merlin to second
Batting: RHB Anastasio Hernández 0-0: Ball
1-0: Ground out 1-3 (Groundball, 13)
Bottom of the 2nd over - 0 runs, 1 hit, 0 errors, 2 left on base; Chicago 2 - Houston 0
TOP OF THE 3RD
Chicago Hawks batting - Pitching for Houston 1837 BBC : LHP Roy Alsobrook
Batting: RHB Reg Spiers 0-0: Called Strike
0-1: Ground out 4-3 (Groundball, 4D)
Batting: LHB Jeff Simpson 0-0: Ball
1-0: Ball
2-0: Called Strike
2-1: Ball
3-1: Foul Ball, location: 2F
3-2: DOUBLE (Line Drive, 9LM)
Batting: LHB Scott Janousek 0-0: Foul Ball, location: 2F
0-1: Ball
1-1: Fly out, F7 (Flyball, 78S)
Batting: RHB Paddy Hodnett 0-0: Called Strike
0-1: Ball
Wild Pitch!
Jeff Simpson to third
1-1: Foul Ball, location: 2F
1-2: SINGLE (Line Drive, 8RS)
Jeff Simpson scores
Batting: RHB Tevin McTevin 0-0: Fly out, F1 (Line Drive, 15)
Top of the 3rd over - 1 run, 2 hits, 0 errors, 1 left on base; Chicago 3 - Houston 0
BOTTOM OF THE 3RD
Houston 1837 BBC batting - Pitching for Chicago Hawks : RHP Ralph Haggerty
Batting: LHB Damian Delaney 0-0: Ball
1-0: Foul Ball, location: 2F
1-1: Ball
2-1: Swinging Strike
2-2: Ball
3-2: Strikes out looking
Batting: RHB Lytle Creek 0-0: Called Strike
0-1: Ball
1-1: Ground out 6-3 (Groundball, 6)
Batting: SHB Galtero Suárez 0-0: Foul Ball, location: 2F
0-1: Ball
1-1: Called Strike
1-2: Ground out 6-3 (Groundball, 6M)
Bottom of the 3rd over - 0 runs, 0 hits, 0 errors, 0 left on base; Chicago 3 - Houston 0
TOP OF THE 4TH
Chicago Hawks batting - Pitching for Houston 1837 BBC : LHP Roy Alsobrook
Batting: RHB Vincente Rotham 0-0: Ball
1-0: Ball
2-0: Fly out, F8 (Flyball, 8RD)
Batting: LHB Curt Wilson 0-0: Fly out, F7 (Flyball, 7)
Batting: LHB Perry Bothof 0-0: Swinging Strike
0-1: Ball
1-1: Ball
2-1: Reached on error, E6 (Groundball, 6)
Batting: RHB Jack Head 0-0: Ball
1-0: Fly out, F8 (Flyball, 78M)
Top of the 4th over - 0 runs, 0 hits, 1 error, 1 left on base; Chicago 3 - Houston 0
BOTTOM OF THE 4TH
Houston 1837 BBC batting - Pitching for Chicago Hawks : RHP Ralph Haggerty
Batting: RHB Bob Dickerson 0-0: Fly out, F8 (Flyball, 8LM)
Batting: LHB Guillermo Arellano 0-0: Ball
1-0: Called Strike
1-1: Ball
2-1: Ball
3-1: Base on Balls
Batting: RHB Scott Robertson 0-0: Ball
1-0: Swinging Strike
1-1: Swinging Strike
1-2: Ball
2-2: Ball
3-2: Foul Ball, location: 2F
3-2: Grounds out, U3 (Groundball, 3L)
Batting: LHB Fa-tang Wang 0-0: Ball
1-0: Swinging Strike
1-1: Ball
2-1: Reached on error, E3 (Groundball, 3)
Guillermo Arellano to third
Batting: RHB Armond Merlin 0-0: Fly out, F7 (Flyball, 7LS)
Bottom of the 4th over - 0 runs, 0 hits, 1 error, 2 left on base; Chicago 3 - Houston 0
TOP OF THE 5TH
Chicago Hawks batting - Pitching for Houston 1837 BBC : LHP Roy Alsobrook
Batting: RHB Reg Spiers 0-0: Ball
1-0: Ball
2-0: SINGLE (Groundball, 6MD)
Batting: LHB Jeff Simpson 0-0: Fly out, F8 (Line Drive, 8RS)
Batting: LHB Scott Janousek 0-0: Called Strike
Reg Spiers steals 2nd base
0-1: Foul Ball, location: 2F
0-2: Ball
1-2: Ball
2-2: Strikes out swinging, 2-3 out at first.
Batting: RHB Paddy Hodnett 0-0: Ball
1-0: Foul Ball, location: 2F
1-1: Foul Ball, location: 2F
1-2: Foul Ball, location: 2F
1-2: Strikes out swinging
Top of the 5th over - 0 runs, 1 hit, 0 errors, 1 left on base; Chicago 3 - Houston 0
BOTTOM OF THE 5TH
Houston 1837 BBC batting - Pitching for Chicago Hawks : RHP Ralph Haggerty
Batting: RHB Anastasio Hernández 0-0: Ball
1-0: SINGLE (Line Drive, 4MD)
Batting: LHB Damian Delaney 0-0: Ball
1-0: Ball
2-0: Foul Ball, location: 2F
2-1: Ball
3-1: Base on Balls
Anastasio Hernández to second
Batting: RHB Lytle Creek 0-0: Ball
1-0: Ball
2-0: Fly out, F7 (Line Drive, 7S)
Batting: SHB Galtero Suárez 0-0: Foul Ball, location: 2F
0-1: Ball
1-1: Ball
2-1: Fly out, F9 (Line Drive, 9)
Batting: RHB Bob Dickerson 0-0: Ball
1-0: Ball
2-0: SINGLE (Groundball, 34D)
Anastasio Hernández to third
Damian Delaney to second
Runner from 3rd tries for Home, SAFE, no throw
Pitching: RHP Bob Warford
Batting: LHB Guillermo Arellano 0-0: Foul Ball, location: 2F
0-1: Ball
1-1: Ball
2-1: Fly out, F7 (Flyball, 7D)
Bottom of the 5th over - 1 run, 2 hits, 0 errors, 2 left on base; Chicago 3 - Houston 1
TOP OF THE 6TH
Chicago Hawks batting - Pitching for Houston 1837 BBC : LHP Roy Alsobrook
Batting: RHB Tevin McTevin 0-0: TRIPLE (Flyball, 78XD)
Batting: RHB Vincente Rotham 0-0: Fly out, F9 (Flyball, 9)
Runner from 3rd tags up, SCORES, throw made
Batting: LHB Curt Wilson 0-0: Ball
1-0: Ball
2-0: Ground out 1-3 (Groundball, 13S)
Batting: LHB Perry Bothof 0-0: Foul Ball, location: 2F
0-1: Foul Ball, location: 2F
0-2: Strikes out swinging
Top of the 6th over - 1 run, 1 hit, 0 errors, 0 left on base; Chicago 4 - Houston 1
BOTTOM OF THE 6TH
Houston 1837 BBC batting - Pitching for Chicago Hawks : RHP Bob Warford
Batting: RHB Scott Robertson 0-0: Ball
1-0: Foul Ball, location: 2F
1-1: Ground out 6-3 (Groundball, 6)
Batting: LHB Fa-tang Wang 0-0: Ball
1-0: Called Strike
1-1: Ball
2-1: Ball
3-1: Base on Balls
Batting: RHB Armond Merlin 0-0: Called Strike
0-1: Fly out, F8 (Flyball, 8LM)
Batting: RHB Anastasio Hernández 0-0: Ball
Fa-tang Wang is caught stealing 2nd base
Bottom of the 6th over - 0 runs, 0 hits, 0 errors, 0 left on base; Chicago 4 - Houston 1
TOP OF THE 7TH
Chicago Hawks batting - Pitching for Houston 1837 BBC : LHP Roy Alsobrook
Batting: RHB Jack Head 0-0: Ball
1-0: Ball
2-0: Called Strike
2-1: Ground out 6-3 (Groundball, 56)
Pitching: RHP Emil Olsson
Batting: RHB Reg Spiers 0-0: Called Strike
0-1: Ball
1-1: SINGLE (Groundball, 56D)
Batting: LHB Jeff Simpson 0-0: Swinging Strike
0-1: Called Strike
0-2: Ball
1-2: Foul Ball, location: 2F
1-2: Foul Ball, location: 2F
1-2: Strikes out swinging
Batting: LHB Scott Janousek 0-0: Fly out, F6 (Line Drive, 6)
Top of the 7th over - 0 runs, 1 hit, 0 errors, 1 left on base; Chicago 4 - Houston 1
BOTTOM OF THE 7TH
Houston 1837 BBC batting - Pitching for Chicago Hawks : RHP Bob Warford
Batting: RHB Anastasio Hernández 0-0: Ball
1-0: Foul Ball, location: 2F
1-1: Foul Ball, location: 2F
1-2: Foul Ball, location: 2F
1-2: Ground out U3 (Groundball, 34)
Batting: LHB Damian Delaney 0-0: Ball
1-0: DOUBLE (Line Drive, 9LM)
Batting: RHB Lytle Creek 0-0: Ball
1-0: Swinging Strike
1-1: Ball
2-1: Foul Ball, location: 2F
2-2: Ball
3-2: Base on Balls
Batting: SHB Galtero Suárez 0-0: Foul Ball, location: 2F
0-1: Ball
1-1: Ball
2-1: Ball
3-1: Base on Balls
Damian Delaney to third
Lytle Creek to second
Batting: RHB Bob Dickerson 0-0: Ball
1-0: Ball
2-0: Ball
3-0: Swinging Strike
3-1: Foul Ball, location: 2F
3-2: Strikes out looking
Batting: LHB Guillermo Arellano 0-0: Ball
1-0: Ball
2-0: Called Strike
2-1: Ball
3-1: Fielders Choice at 2nd, 5-4 (Groundball, 56)
Bottom of the 7th over - 0 runs, 1 hit, 0 errors, 3 left on base; Chicago 4 - Houston 1
TOP OF THE 8TH
Chicago Hawks batting - Pitching for Houston 1837 BBC : RHP Emil Olsson
Batting: RHB Paddy Hodnett 0-0: SINGLE (Line Drive, 4MD)
Batting: RHB Tevin McTevin 0-0: Bunted foul
0-1: Sac Bunt - play at first, batter OUT! U3
Paddy Hodnett to second
Batting: RHB Vincente Rotham 0-0: Foul Ball, location: 2F
0-1: Ball
1-1: Ball
2-1: Called Strike
2-2: Strikes out swinging
Batting: LHB Curt Wilson 0-0: Called Strike
0-1: Foul Ball, location: 2F
0-2: Ball
1-2: Ground out 4-3 (Groundball, 4)
Top of the 8th over - 0 runs, 1 hit, 0 errors, 1 left on base; Chicago 4 - Houston 1
BOTTOM OF THE 8TH
Houston 1837 BBC batting - Pitching for Chicago Hawks : RHP Bob Warford
Pitching: RHP Pat McCormick
Batting: RHB Scott Robertson 0-0: Ball
1-0: Ball
2-0: Called Strike
2-1: Ball
3-1: Foul Ball, location: 2F
3-2: Ground out 5-3 (Groundball, 56S)
Batting: LHB Fa-tang Wang 0-0: Ball
1-0: Foul Ball, location: 2F
1-1: Ball
2-1: Fly out, F8 (Flyball, 8LD)
Batting: RHB Armond Merlin 0-0: Ball
1-0: SINGLE (Groundball, 34S) (infield hit)
Batting: RHB Anastasio Hernández 0-0: Ground out 3-1 (Groundball, 34)
Bottom of the 8th over - 0 runs, 1 hit, 0 errors, 1 left on base; Chicago 4 - Houston 1
TOP OF THE 9TH
Chicago Hawks batting - Pitching for Houston 1837 BBC : RHP Emil Olsson
Batting: LHB Perry Bothof 0-0: Swinging Strike
0-1: Ball
1-1: SINGLE (Groundball, 3D)
Pitching: RHP Nicholas Beyer
Batting: RHB Jack Head 0-0: Foul Ball, location: 2F
0-1: Ball
1-1: Ball
2-1: Grounds into double play, 6-4-3 (Groundball, 6)
Batting: RHB Reg Spiers 0-0: Foul Ball, location: 2F
0-1: Swinging Strike
0-2: Strikes out swinging
Top of the 9th over - 0 runs, 1 hit, 0 errors, 0 left on base; Chicago 4 - Houston 1
BOTTOM OF THE 9TH
Houston 1837 BBC batting - Pitching for Chicago Hawks : RHP Pat McCormick
Batting: LHB Damian Delaney 0-0: Ball
1-0: Foul Ball, location: 2F
1-1: Ball
2-1: Swinging Strike
2-2: SINGLE (Line Drive, 9LS)
Batting: RHB Lytle Creek 0-0: Ball
1-0: Ground out 5-3 (Groundball, 56S)
Damian Delaney to second
Batting: SHB Galtero Suárez 0-0: Ball
1-0: Called Strike
1-1: Called Strike
1-2: Ball
2-2: Ball
3-2: Base on Balls
Batting: RHB Bob Dickerson 0-0: Called Strike
0-1: Foul Ball, location: 2F
0-2: Ball
1-2: Fly out, F7 (Flyball, 78D)
Batting: LHB Guillermo Arellano 0-0: Ball
1-0: Called Strike
1-1: Called Strike
1-2: Ball
2-2: Strikes out swinging
Bottom of the 9th over - 0 runs, 1 hit, 0 errors, 2 left on base; Chicago 4 - Houston 1
Sunday, March 18th, 2018 - OOTP Baseball 18.8 Build 76